 Dungeon Crawl Stone Soup version 0.26.0-45-g9c1d065592 (webtiles) character file.

Game seed: 5541196320949138274

11 lawman0 the Sneak (level 2, -4/16 HPs)
             Began as a Spriggan Delver on Jan 30, 2021.
             Was an Initiate of Nemelex Xobeh.
             Shot with an arrow by a centaur (15 damage)
             ... on level 4 of the Dungeon.
             The game lasted 00:02:29 (455 turns).

lawman0 the Sneak (Spriggan Delver)                  Turns: 455, Time: 00:02:30

Health: -4/16      AC:  2    Str:  8    XL:     2   Next: 17%
Magic:  3/3        EV: 18    Int: 11    God:    Nemelex Xobeh [......]
Gold:   11         SH:  0    Dex: 17    Spells: 1/1 levels left

rFire    . . .     SeeInvis +   a - +0 short sword
rCold    . . .     Faith    .   (shield restricted)
rNeg     . . .     Spirit   .   b - +0 robe
rPois    .         Reflect  .   (helmet restricted)
rElec    .         Harm     .   (no cloak)
rCorr    .         Rampage  .   (gloves unavailable)
Will     .....                  (boots unavailable)
Stlth    ++++......             (no amulet)
HPRegen  0.05/turn              (no ring)
MPRegen  0.08/turn              (no ring)

@: very quick
A: very small, unfitting armour, see invisible, speed 3
a: Renounce Religion, Draw Escape, Draw Destruction, Draw Summoning


You were on level 4 of the Dungeon.
You worshipped Nemelex Xobeh.
Nemelex Xobeh was noncommittal.
You visited 2 branches of the dungeon, and saw 3 of its levels.

You collected 11 gold pieces.

Inventory:

Hand Weapons
 a - a +0 short sword (weapon)
Armour
 b - a +0 robe (worn)
Wands
 g - a wand of digging (3)
Scrolls
 c - a scroll of fog
 d - a scroll of teleportation {unknown}
 e - a scroll of fear
 h - 2 scrolls of identify {unknown}
Potions
 f - a potion of haste
 i - a potion of curing {unknown}
 j - a potion of heal wounds {unknown}
 k - a potion of invisibility {unknown}


   Skills:
 + Level 2.5 Fighting
 + Level 2.2 Short Blades
 + Level 3.0 Dodging
 + Level 7.9 Stealth


You had one spell level left.
You didn't know any spells.
Your spell library was empty.

Dungeon Overview and Level Annotations

Branches:
Dungeon (5/15)             Temple (1/1) D:4

Altars:
Ashenzari
Cheibriados
Fedhas
Makhleb
Nemelex Xobeh
Uskayaw
Wu Jian
Yredelemnul
Zin

Shops:
D:4 !


Innate Abilities, Weirdness & Mutations

You are very small and have problems with some larger weapons.
You are too small for most types of armour.
You have supernaturally acute eyesight. (SInv)
You cover ground extremely quickly.


Message History

You hit the hound but do no damage. The hound bites you but does no damage.
You hit the hound.
The hound is moderately wounded.
The hound barely misses you. The hound bites you.
You barely miss the hound.
The hound is moderately wounded.
The hound bites you.
You hit the hound.
The hound is heavily wounded.
The hound closely misses you.
A centaur comes into view.
The hound barely misses you.
The centaur shouts!
You hit the hound.
The hound is severely wounded.
The hound misses you.
The centaur wields a +0 shortbow.
The centaur shoots an arrow.
The arrow hits you!
Ouch! That really hurt!
You die...
Your body disappears without a glow.

#.#...........###...######
.........#.##...c........########
..##.....#.#.#.#.##..............
..###............................
#........#.#.#.#.#######..#......
#..###...<........### #...##.....
.....#...#.#.#.#.#..###......####
.......,,......h...=.....#####
........,*.#.#.#@#..#...##
........,.............#.#
.........#.#.#.#.#!.#...#
...........,.......(#.###
.............#......#.#
............##......#.#
....................#.#
..#....#*##,#.##..###.#********
.[.....# *,#)*#..,,...,,,,,,,***


You could see a centaur and a hound.

Vanquished Creatures
  A howler monkey skeleton (D:4)
  A quokka (D:4)
  A frilled lizard (D:4)
3 creatures vanquished.

Notes
Turn   | Place    | Note
-------+----------+-------------------------------------------
     0 | D:5      | lawman0 the Spriggan Delver began the quest for the Orb.
     0 | D:5      | Reached XP level 1. HP: 11/11 MP: 2/2
    67 | D:5      | Noticed an ice beast
   115 | D:4      | Reached XP level 2. HP: 16/16 MP: 3/3
   130 | D:4      | Found a staircase to the Ecumenical Temple.
   139 | Temple   | Entered the Ecumenical Temple
   225 | Temple   | Became a worshipper of Nemelex Xobeh the Trickster
   241 | D:4      | Found Yzuiste Itodd's Distillery.
   454 | D:4      | Noticed a centaur
   455 | D:4      | Shot with an arrow by a centaur

Illustrated notes

Levels and vault maps discovered:
D:4:      layout_rooms, minmay_temple_entry_glass, serial_shops, shop,
          st_stairs_9
D:5:      layout_loops_ring, uniq_duvessa
Temple:   dpeg_three_leaves_temple

Action                   || total
-------------------------++-------
Melee: Short sword       ||    18
  Use: Scroll            ||     2
 Stab: Sleeping          ||     2
Armor: Robe              ||     2
Dodge: Dodged            ||    16
